[Event "Festiv.  Int. de Sah Eforie 2010"]
[Site "Eforie Nord 2010"]
[Date "2010.06.20"]
[Round "4.12"]
[White "Dobre, Claudiu Cristian"]
[Black "Nabaty, Tamir"]
[Result "0-1"]
[ECO "C65"]
[WhiteElo "2347"]
[BlackElo "2493"]
[Annotator ",alex"]
[PlyCount "120"]
[EventDate "2010.??.??"]
[TimeControl "5400"]

1. e4 e5 2. Nf3 Nc6 3. Bb5 Nf6 4. O-O Bc5 5. Nxe5 Nxe4 6. Qe2 Nxe5 7. Qxe4 Qe7
8. d4 Nc6 9. Qxe7+ Bxe7 10. c3 a6 11. Ba4 d6 12. Re1 Be6 13. Nd2 Kd7 14. Nf1
Rae8 15. Ne3 Bg5 16. Bd2 Bh6 17. Nf1 Bxd2 18. Nxd2 b5 19. Bb3 Na5 20. Bxe6+
Rxe6 21. b3 Rhe8 22. Kf1 Nc6 23. Rxe6 fxe6 24. Nf3 Ne7 25. a4 b4 26. c4 Nc6 27.
Rd1 d5 28. Rc1 Kd6 29. Ke2 Na5 30. c5+ Ke7 31. Rb1 Nc6 32. Ke3 Kf6 33. Rd1 g5
34. h3 h5 35. Kd3 g4 36. Nd2 Rg8 37. Rh1 gxh3 38. g3 e5 39. Rxh3 Nxd4 40. f4
Nf5 41. fxe5+ Ke6 42. Nf1 Rg5 43. Rh2 Nxg3 44. Nd2 Ne4 45. Nxe4 dxe4+ 46. Kxe4
a5 47. c6 Rxe5+ 48. Kd4 Kd6 49. Rg2 h4 50. Rg4 Rd5+ 51. Kc4 Rh5 52. Rg6+ Ke5
53. Kb5 h3 54. Rg1 h2 55. Rh1 Kd4+ 56. Ka6 Kc3 57. Kb7 Rh7 58. Ka6 Kxb3 59.
Kxa5 Rh5+ 60. Ka6 Kxa4 0-1

[Event "Festiv.  Int. de Sah Eforie 2010"]
[Site "Eforie Nord 2010"]
[Date "2010.06.22"]
[Round "6.27"]
[White "Marin Ionescu, Irina Luiza"]
[Black "Dobre, Claudiu Cristian"]
[Result "0-1"]
[ECO "A37"]
[WhiteElo "2132"]
[BlackElo "2347"]
[Annotator ",alex"]
[PlyCount "56"]
[EventDate "2010.??.??"]
[TimeControl "5400"]

1. c4 c5 2. g3 Nc6 3. Bg2 g6 4. Nc3 Bg7 5. d3 d6 6. Nf3 e6 7. O-O Nge7 8. e3 e5
9. a3 O-O 10. Rb1 a5 11. Ne1 Be6 12. Nd5 Rb8 13. Nc2 b5 14. Nxe7+ Nxe7 15. cxb5
Bb3 16. Qe2 Qb6 17. e4 Qxb5 18. Re1 Nc6 19. f4 Qa4 20. Ne3 Nd4 21. Qg4 exf4 22.
gxf4 Nc2 23. Nxc2 Bxc2 24. Ra1 Bxd3 25. f5 d5 26. fxg6 hxg6 27. Bf4 Rxb2 28.
Rad1 Be2 0-1

[Event "Festiv.  Int. de Sah Eforie 2010"]
[Site "Eforie Nord 2010"]
[Date "2010.06.24"]
[Round "8.12"]
[White "Berbatov, Kiprian"]
[Black "Dobre, Claudiu Cristian"]
[Result "1/2-1/2"]
[ECO "B42"]
[WhiteElo "2471"]
[BlackElo "2347"]
[Annotator ",alex"]
[PlyCount "71"]
[EventDate "2010.??.??"]
[TimeControl "5400"]

1. e4 c5 2. Nf3 e6 3. d4 cxd4 4. Nxd4 a6 5. Bd3 Bc5 6. Nb3 Be7 7. O-O d6 8. Nc3
Nd7 9. f4 Ngf6 10. Qe2 Qc7 11. a4 b6 12. Bd2 Bb7 13. Rae1 O-O 14. e5 Nd5 15.
Nxd5 Bxd5 16. exd6 Bxd6 17. c4 Bb7 18. Bc3 g6 19. Qg4 Nc5 20. Nxc5 Bxc5+ 21.
Kh1 Rfd8 22. Be5 Bd6 23. Re3 Rd7 24. Bc3 Bc5 25. Rh3 f5 26. Qe2 Qc6 27. Rff3
Bd4 28. Bxd4 Rxd4 29. Rfg3 Rd7 30. Qe5 Rg7 31. b4 Rd8 32. Qe2 Re7 33. Qe5 Rg7
34. Qe2 Re7 35. Qe5 Rg7 36. Qe2 1/2-1/2

[Event "Festiv.  Int. de Sah Eforie 2010"]
[Site "Eforie Nord 2010"]
[Date "2010.06.26"]
[Round "10.16"]
[White "Itkis, Boris"]
[Black "Dobre, Claudiu Cristian"]
[Result "1/2-1/2"]
[ECO "D43"]
[WhiteElo "2434"]
[BlackElo "2347"]
[Annotator ",alex"]
[PlyCount "86"]
[EventDate "2010.??.??"]
[TimeControl "5400"]

1. d4 d5 2. c4 c6 3. Nf3 Nf6 4. Nc3 e6 5. Qb3 Nbd7 6. Bg5 Be7 7. e3 dxc4 8.
Qxc4 Nd5 9. Bxe7 Qxe7 10. Be2 Qb4 11. Qxb4 Nxb4 12. Rc1 Ke7 13. a3 Nd5 14. Ne4
b6 15. O-O Bb7 16. Rfd1 Rac8 17. Bd3 f6 18. h4 h6 19. h5 Rhd8 20. Nh4 Nf8 21.
b4 Ra8 22. Nc3 a5 23. Nxd5+ cxd5 24. Rc7+ Rd7 25. Rdc1 Kd6 26. R7c3 axb4 27.
axb4 Rdd8 28. f3 Rdc8 29. Kf2 Rxc3 30. Rxc3 Rc8 31. Ra3 Ra8 32. Rxa8 Bxa8 33.
e4 Bc6 34. Ke3 Bd7 35. g3 Bc8 36. Kf4 dxe4 37. fxe4 e5+ 38. dxe5+ fxe5+ 39. Ke3
Nh7 40. Be2 Nf6 41. Bf3 Be6 42. Be2 Bd7 43. Bf3 Be6 1/2-1/2

[Event "Festiv.  Int. de Sah Eforie 2010"]
[Site "Eforie Nord 2010"]
[Date "2010.06.27"]
[Round "11.12"]
[White "Dobre, Claudiu Cristian"]
[Black "Szabo, Gergely-Andras-Gyul"]
[Result "1/2-1/2"]
[ECO "B53"]
[WhiteElo "2347"]
[BlackElo "2546"]
[Annotator ",alex"]
[PlyCount "52"]
[EventDate "2010.??.??"]
[TimeControl "5400"]

1. e4 c5 2. Nf3 d6 3. Bb5+ Nc6 4. d4 cxd4 5. Qxd4 Bd7 6. Bxc6 Bxc6 7. c4 f5 8.
Nc3 e5 9. Qd3 fxe4 10. Nxe4 d5 11. cxd5 Qxd5 12. Qxd5 Bxd5 13. Nc3 Bxf3 14.
gxf3 Nf6 15. Ke2 Bb4 16. Ne4 O-O 17. Be3 a6 18. Rac1 Rac8 19. Rxc8 Rxc8 20. Rc1
Rxc1 21. Nxf6+ gxf6 22. Bxc1 Kf7 23. f4 e4 24. f5 Bc5 25. f3 Bg1 26. h3 exf3+
1/2-1/2